 Dungeon Crawl Stone Soup version 0.29.1-15-g9cfb28693d (webtiles) character file.

Game seed: 16466212842117815167

12708 Jase the Spear-Bearer (level 11, 0/92 HPs)
             Began as a Merfolk Gladiator on Dec 22, 2022.
             Was a High Priest of Lugonu.
             Slain by an Executioner (6 damage)
             ... summoned by Lugonu's corruption
             ... on level 10 of the Dungeon on Mar 1, 2023.
             The game lasted 00:51:11 (13804 turns).

Jase the Spear-Bearer (Merfolk Gladiator)          Turns: 13804, Time: 00:51:11

Health: 0/92       AC: 10    Str: 15    XL:     11   Next: 97%
Magic:  12/18      EV: 18    Int: 12    God:    Lugonu [*****.]
Gold:   377        SH:  5    Dex: 15    Spells: 10/10 levels left

rFire   . . .      SeeInvis .   a - +2 trident (freeze)
rCold   . . .      Faith    .   (no shield)
rNeg    . . .      Spirit   .   j - +0 leather armour {Will+}
rPois   +          Reflect  +   c - +0 helmet
rElec   .          Harm     .   G - +0 cloak
rCorr   .          Rampage  .   n - +0 pair of gloves
Will    +....                   (no boots)
Stlth   +.........              A - amulet of reflection
HPRegen 0.25/turn               h - ring of poison resistance
MPRegen 0.16/turn               H - +4 ring of protection

@: no status effects
A: (nimble swimmer 2), mertail
a: Renounce Religion, Depart the Abyss, Bend Space, Banish, Corrupt, Enter the
Abyss


You were on level 10 of the Dungeon.
You worshipped Lugonu.
Lugonu was extremely pleased with you.
You visited 1 branch of the dungeon, and saw 10 of its levels.

You collected 881 gold pieces.
You spent 504 gold pieces at shops.

Inventory:

Hand Weapons
 a - a +2 trident of freezing (weapon)
 b - a +4 halberd
Missiles
 d - 2 throwing nets
 e - a javelin
 p - 8 poisoned darts (quivered)
 t - 5 curare-tipped darts
 w - 4 boomerangs
 D - 3 boomerangs of dispersal
Armour
 c - a +0 helmet (worn)
 j - a +0 leather armour of willpower (worn)
 n - a +0 pair of gloves (worn)
 s - an orb of light
 G - a +0 cloak (worn)
 N - a scarf of shadows
Jewellery
 h - a ring of poison resistance (left hand)
 A - an amulet of reflection (around neck)
 H - a +4 ring of protection (right hand)
 K - a ring of wizardry
 O - a ring of protection from fire
 T - a ring of wizardry
Wands
 v - a wand of iceblast (20)
 F - a wand of polymorph (15)
 I - a wand of paralysis (10)
Scrolls
 f - 6 scrolls of fear
 g - 7 scrolls of teleportation
 k - 2 scrolls of fog {unknown}
 r - 3 scrolls of amnesia
 y - 2 scrolls of silence {unknown}
 B - a scroll of enchant weapon {unknown}
 E - 2 scrolls of poison {unknown}
 J - 3 scrolls of blinking
 M - a scroll of summoning {unknown}
 S - 2 scrolls of magic mapping {unknown}
Potions
 l - 5 potions of mutation
 m - a potion of magic
 o - a potion of might
 q - 7 potions of heal wounds
 u - 2 potions of lignification
 x - 4 potions of curing
 z - a potion of attraction
 C - a potion of flight
 P - 4 potions of haste
 R - a potion of brilliance {unknown}
Miscellaneous
 Q - a phantom mirror


   Skills:
 + Level 10.7 Fighting
 + Level 13.0 Polearms
 - Level 2.0 Throwing
 + Level 13.0 Dodging
 + Level 10.0 Invocations


You had 10 spell levels left.
You didn't know any spells.
Your spell library contained the following spells:

 Spells                   Type           Power      Damage    Failure   Level
 Blink                    Tloc           0%         N/A       52%         2
 Conjure Flame            Conj/Fire      0%         6-21      77%         3
 Ignite Poison            Fire/Tmut/Pois 0%         N/A       77%         3
 Tukima's Dance           Hex            0%         N/A       77%         3
 Passage of Golubria      Tloc           0%         N/A       99%         4
 Sticky Flame             Conj/Fire      0%         2d3       99%         4
 Freezing Cloud           Conj/Ice/Air   0%         6-21      100%        5
 Manifold Assault         Tloc           0%         N/A       100%        5
 Yara's Violent Unravell  Hex/Tmut       0%         3d3       100%        5
 Simulacrum               Ice/Necr       0%         N/A       100%        6
 Storm Form               Tmut/Air       0%         N/A       100%        7
 Polar Vortex             Ice            0%         N/A       100%        9


Dungeon Overview and Level Annotations

Branches:
Dungeon (10/15)            Temple (0/1) D:5            Lair (0/5) D:10
    Orc: D:9-12

Altars:
Elyvilon
Hepliaklqana
Kikubaaqudgha
Ru
Vehumet
Lugonu

Shops:
D:4 *!*   D:7 !   D:9 *

Annotations:
D:10 corrupted


Innate Abilities, Weirdness & Mutations

((You are very nimble when in or above water. (Stealth+, EV+, Speed+++)))
Your lower body shifts to a powerful aquatic tail in water.


Message History

Lugonu accepts your kill.
Your Dodging skill increases to level 13!
Your Invocations skill increases to level 10!
No target in view!
Okay, then.
Urug the Orcish Ballista comes into view.
She is wielding a +4 battleaxe and quivering silver javelins.
Urug throws a silver javelin.
The silver javelin pierces through you!
Press: ? - help, v - describe, . - travel
Here: Urug, wielding a +4 battleaxe, wearing a +0 scale mail and quivering silver javelins A stone staircase leading down.
Okay, then.
Okay, then.
Activating: Corrupt (7% risk of failure)
Press: ? - help, Dir - look around, f - activate Lugonu's Hand of Corruption reaches out!
Something hits the apocalypse crab!
A starcursed mass splits.
Tentacles burst from the starspawn's body!
The ynoxinul gestures. 2 starspawn tentacles come into view.
Urug hits you with a +4 battleaxe!!
Urug hits the raiju with a +4 battleaxe!
Urug closely misses something.
The raiju bites Urug.
The raiju shocks Urug!
Something hits Urug but does no damage.
Something hits Urug. x2
A starcursed mass splits.
Urug attacks as you move away! Urug hits you with a +4 battleaxe.
Urug misses the raiju.
Urug hits something but does no damage.
A starcursed mass splits.
The neqoxec misses you. The Executioner hits you!
* * * LOW HITPOINT WARNING * * *
The Executioner barely misses you. x2
The Executioner hits you but does no damage.
You block the Executioner's attack. The Executioner completely misses you.
The Executioner hits you!
* * * LOW HITPOINT WARNING * * *
The Executioner hits you but does no damage.
The Executioner hits you.
* * * LOW HITPOINT WARNING * * *
The Executioner hits you.
You die...

...............####..............
.)<............# ###............
.).............# ####..........
...#####......## #.##..........
.### ###....# ##.#........## ##
###### ## #....######.# # ##.
####.###...#.###.#.#
##w.##X.1###..###...##...
#.XX.X3#@#.o.####.####... ###
##.##X#X##.....#.## ##..# ..####
#.##t4Z#h...##....###....
.....#####.xX#X.4?.###..#........
##.......#.†.5X#....#.....#..<.##
###........#x...##...#...#..O...
###...#....#.#.....###....O...
#...#..#.#......#..##...§§...
.#.5...#..#.....##...........


You could see 3 neutral starcursed masses, a neutral tentacled starspawn
(summoned, wandering), a neutral Executioner (summoned, wandering, fast), a
neutral hellwing (summoned, wandering), 2 neutral small abominations, a neutral
quasit (summoned, wandering) and a neutral harpy zombie (summoned, wandering).

Vanquished Creatures
  2 two-headed ogres
  Lodul (D:10)
  Pikel (D:5)
  A kobold demonologist (D:7)
  2 unseen horror zombies (D:9)
  Grinder (D:5)
  Prince Ribbit (D:6)
  Sigmund (D:5)
  3 shadows
  3 wyverns
  14 yaks
  A steam dragon (D:9)
  A vampire mosquito (D:7)
  Edmund (D:5)
  Duvessa (D:5)
  2 water moccasins (D:6)
  6 ice beasts
  2 black bears (D:10)
  2 sky beasts (D:7)
  11 ogres
  3 orc warriors
  2 centaurs
  A phantom (D:7)
  3 lemures (D:5)
  A kobold brigand (D:7)
  Blork the orc (D:6)
  4 bullfrogs (D:9)
  4 scorpions
  A gnoll sergeant (D:8)
  5 necrophages
  16 wights
  Dowan (D:5)
  8 killer bees
  3 howler monkeys
  2 centaur zombies (D:9)
  4 hounds
  5 orc priests
  4 iguanas
  Ijyb (D:4)
  8 orc wizards
  A howler monkey zombie (D:9)
  11 gnolls
  11 adders
  2 shadow imps
  2 white imps (D:7)
  An ufetubus (D:5)
  2 worms
  2 dart slugs
  28 orcs
  8 ball pythons
  5 endoplasms
  3 giant cockroaches
  12 goblins
  8 hobgoblins
  5 jackals
  3 quokkas
  6 bats
  4 frilled lizards
  8 kobolds
  4 rats
260 creatures vanquished.

Vanquished Creatures (others)
  Urug (D:10)
  An orc wizard (D:7)
  16 fungi (D:10)
  17 plants (D:10)
  2 starspawn tentacles (D:10)
  4 withered plants (D:9)
41 creatures vanquished.

Grand Total: 301 creatures vanquished

Notes
Turn   | Place    | Note
-------+----------+-------------------------------------------
     0 | D:1      | Jase the Merfolk Gladiator began the quest for the Orb.
     0 | D:1      | Reached XP level 1. HP: 16/16 MP: 1/1
     0 | D:1      | Upgraded the game from 0.29.1-12-g30fa7ad0bf to
                  | 0.29.1-15-g9cfb28693d
    73 | D:1      | Reached XP level 2. HP: 23/23 MP: 2/2
   536 | D:1      | Reached XP level 3. HP: 28/28 MP: 3/3
  1121 | D:2      | Reached XP level 4. HP: 34/35 MP: 4/4
  1139 | D:2      | Reached skill level 5 in Dodging
  1191 | D:2      | Reached skill level 5 in Polearms
  1830 | D:3      | Found a radiant altar of Vehumet.
  2181 | D:3      | Reached XP level 5. HP: 41/41 MP: 5/5
  2520 | D:3      | Found a faded altar of an unknown god.
  2525 | D:3      | Prayed at the altar of an unknown god.
  2525 | D:3      | Became a worshipper of Lugonu the Unformed
  2525 | D:3      | Reached * piety under Lugonu
  2525 | D:3      | Reached ** piety under Lugonu
  2555 | D:3      | Found a white marble altar of Elyvilon.
  2723 | D:4      | Found Yshrakie's Distillery.
  2771 | D:4      | Noticed Ijyb
  2824 | D:4      | Killed Ijyb
  2825 | D:4      | Reached skill level 1 in Invocations
  2825 | D:4      | Reached XP level 6. HP: 45/48 MP: 6/6
  3059 | D:4      | Bought a potion of curing for 42 gold pieces
  3059 | D:4      | Bought a potion of might for 56 gold pieces
  3059 | D:4      | Bought a potion of lignification for 42 gold pieces
  3059 | D:4      | Bought a potion of berserk rage for 70 gold pieces
  3070 | D:4      | Found Ziyxunul's General Store.
  3078 | D:4      | Bought a potion of flight for 30 gold pieces
  3078 | D:4      | Bought a potion of attraction for 30 gold pieces
  3243 | D:4      | Found Vebboad's General Store.
  3251 | D:4      | Bought a scroll of identify for 20 gold pieces
  3273 | D:5      | Entered Level 5 of the Dungeon
  3273 | D:5      | Noticed Edmund
  3436 | D:5      | Reached XP level 7. HP: 29/55 MP: 8/8
  3588 | D:5      | Found a staircase to the Ecumenical Temple.
  3786 | D:5      | Reached skill level 5 in Fighting
  4590 | D:5      | Noticed Grinder
  4591 | D:5      | Noticed Duvessa
  4591 | D:5      | Noticed Dowan
  4649 | D:5      | Noticed Pikel
  4685 | D:5      | HP: 2/56 [Pikel/+0 whip of freezing (2)]
  4687 | D:5      | Killed Pikel
  4688 | D:5      | Reached XP level 8. HP: 2/64 MP: 9/11
  5217 | D:6      | Reached *** piety under Lugonu
  5495 | D:6      | Noticed a yak
  5496 | D:6      | Noticed a yak
  5496 | D:6      | Noticed a yak
  5496 | D:6      | Noticed a yak
  5498 | D:6      | Noticed a yak
  5504 | D:6      | Killed a yak
  5510 | D:6      | Noticed Prince Ribbit
  5521 | D:5      | Killed a yak
  5522 | D:5      | Reached skill level 5 in Invocations
  5927 | D:5      | Killed Edmund
  5928 | D:5      | Reached XP level 9. HP: 15/71 MP: 12/12
  6322 | D:5      | Killed Grinder
  6325 | D:5      | Killed Dowan
  6400 | D:5      | Noticed Sigmund
  6408 | D:5      | Killed Sigmund
  6623 | D:6      | Killed Prince Ribbit
  6845 | D:5      | Killed Duvessa
  7008 | D:6      | Reached skill level 10 in Polearms
  7008 | D:6      | Reached skill level 10 in Dodging
  7008 | D:6      | Reached XP level 10. HP: 77/80 MP: 15/15
  7076 | D:6      | Noticed Blork the orc
  7087 | D:6      | Killed Blork the orc
  7155 | D:6      | Reached **** piety under Lugonu
  7937 | D:7      | Found a sacrificial altar of Ru.
  8873 | D:7      | Noticed a kobold demonologist
  8928 | D:7      | Killed a kobold demonologist
  9070 | D:7      | Found Noraabil's Distillery.
  9073 | D:7      | Bought a potion of heal wounds for 50 gold pieces
  9073 | D:7      | Bought a potion of haste for 100 gold pieces
  9119 | D:7      | Found a hazy altar of Hepliaklqana.
 10036 | D:9      | Reached XP level 11. HP: 62/89 MP: 17/17
 10094 | D:9      | Noticed a two-headed ogre
 10115 | D:9      | Killed a two-headed ogre
 10178 | D:9      | Found an ancient bone altar of Kikubaaqudgha.
 10526 | D:9      | Reached ***** piety under Lugonu
 10796 | D:9      | Reached skill level 10 in Fighting
 11242 | D:9      | Found Gisits's Assorted Antiques.
 11534 | D:9      | Bought a scroll labelled ENILOI NIXYUL for 27 gold pieces
 11534 | D:9      | Bought a scroll labelled TOBRASYZUV for 27 gold pieces
 12043 | D:10     | Entered Level 10 of the Dungeon
 12043 | D:10     | Noticed Lodul
 12043 | D:10     | Noticed a two-headed ogre
 12157 | D:10     | Killed a two-headed ogre
 12942 | D:10     | Found a staircase to the Lair.
 13391 | D:4      | Bought a scroll of noise for 10 gold pieces
 13681 | D:10     | Killed Lodul
 13789 | D:10     | Reached skill level 10 in Invocations
 13790 | D:10     | Noticed Urug
 13794 | D:10     | Corrupted D:10
 13794 | D:10     | Noticed a tentacled starspawn
 13794 | D:10     | Noticed an Executioner
 13794 | D:10     | Noticed a starcursed mass
 13794 | D:10     | Noticed a tentacled starspawn
 13796 | D:10     | Noticed a starcursed mass
 13796 | D:10     | Noticed a tentacled starspawn
 13796 | D:10     | Noticed a starcursed mass
 13800 | D:10     | Killed Urug
 13804 | D:10     | Slain by an Executioner

Illustrated notes

Levels and vault maps discovered:
D:1:      dpeg_arrival_connections, layout_basic
D:2:      layout_loops_cross, minmay_octomino_j4
D:3:      layout_loops_ring, lemuel_coloured_pillars_altar,
          mainiacjoe_overflow_cross_hatched, serial_rivers,
          chequers_serial_rivers_micro_c, chequers_serial_rivers_micro_e,
          chequers_serial_rivers_micro_a, chequers_serial_rivers_micro_a,
          basic_ecumenical_altar, hex_medium
D:4:      layout_rooms, serial_shops, shop_fountains, shop_statue, shop,
          uniq_ijyb
D:5:      minmay_angry_zag, layout_cave_pools, minmay_temple_entry_fiery,
          uniq_duvessa, uniq_grinder, uniq_pikel, uniq_sigmund, uniq_edmund
D:6:      layout_cave_pools, uniq_prince_ribbit1, uniq_blork_the_orc
D:7:      minmay_cornered_nines, layout_rooms, kennysheep_mini,
          nicolae_ru_great_annihilating_truth, serial_shops,
          nicolae_shop_behind_doors
D:8:      layout_loops_cross, st_stairs_5, minmay_misc_feat_tiny
D:9:      layout_basic, mainiacjoe_overflow_small_starburst, serial_undead,
          serial_undead_c, serial_undead_c, serial_undead_f, serial_undead_b,
          serial_shops, nicolae_shop_overgrown_old_shop, minivault_21,
          corexii_leaking_fountain, nrook_uturn
D:10:     layout_layer_cave, grunt_lair_entry_orc_guard_hut, uniq_lodul,
          uniq_urug

Skill      XL: |  1  2  3  4  5  6  7  8  9 10 11 |
---------------+----------------------------------+-----
Fighting       | 3 4 5 6 8 9 10 | 10.7
Dodging        | 5 6 7 8 10 11 13 | 13.0
Polearms       | 5 6 7 8 10 11 13 | 13.0
Invocations    | 1 2 4 5 6 8 10 | 10.0
Throwing       | |  2.0

Action                   |  1- 3 |  4- 6 |  7- 9 | 10-12 || total
-------------------------+-------+-------+-------+-------++-------
Melee: Trident           |    94 |   237 |   358 |   656 ||  1345
       Punch             |       |     3 |     7 |     8 ||    18
       Tailslap          |       |       |       |     4 ||     4
Throw: Dart              |       |       |     4 |    18 ||    22
       Throwing net      |       |       |     1 |     1 ||     2
Invok: Bend Space        |       |       |       |     7 ||     7
       Corrupt           |       |       |       |     1 ||     1
Evoke: Wand              |       |       |     1 |       ||     1
  Use: Scroll            |       |     2 |     2 |     4 ||     8
       Potion            |       |       |     3 |     2 ||     5
 Stab: Sleeping          |     2 |     1 |     1 |     1 ||     5
       Paralysed         |       |       |     4 |       ||     4
       Held in net/web   |       |       |     1 |     1 ||     2
       Distracted        |       |       |       |     1 ||     1
Armor: Leather armour    |    34 |    46 |    49 |    80 ||   209
Dodge: Dodged            |    63 |   140 |   158 |   272 ||   633
Block: Other             |       |       |    22 |    73 ||    95
       Reflection        |       |       |       |     1 ||     1
